 Dungeon Crawl Stone Soup version 0.28.0-53-g5a82cb258f (webtiles) character file.

Game seed: 8187394312311837335

21 Zeld the Skirmisher (level 2, 0/27 HPs)
             Began as a Minotaur Berserker on May 28, 2022.
             Was a Follower of Trog.
             Succumbed to an adder's poison
             ... on level 2 of the Dungeon.
             The game lasted 00:00:30 (584 turns).

Zeld the Skirmisher (Minotaur Berserker)             Turns: 584, Time: 00:00:31

Health: 0/27       AC:  2    Str: 21    XL:     2   Next: 62%
Magic:  1/1        EV: 12    Int:  4    God:    Trog [*.....]
Gold:   60         SH:  0    Dex:  9    Spells: 1/1 levels left

rFire   . . .      SeeInvis .   a - +0 hand axe
rCold   . . .      Faith    .   (no shield)
rNeg    . . .      Spirit   .   b - +0 animal skin
rPois   .          Reflect  .   (helmet restricted)
rElec   .          Harm     .   (no cloak)
rCorr   .          Rampage  .   (no gloves)
Will    .....                   (no boots)
Stlth   +.........              (no amulet)
HPRegen 0.09/turn               (no ring)
MPRegen 0.07/turn               (no ring)

@: lethally poisoned (0 -> -4)
A: horns 2, retaliatory headbutt
a: Renounce Religion, Berserk


You were on level 2 of the Dungeon.
You worshipped Trog.
Trog was aware of your devotion.
You visited 1 branch of the dungeon, and saw 2 of its levels.

You collected 60 gold pieces.

Inventory:

Hand Weapons
 a - a +0 hand axe (weapon)
Armour
 b - a +0 animal skin (worn)
Scrolls
 c - 3 scrolls of amnesia {unknown}


   Skills:
 * Level 4.1 Fighting
 * Level 4.1 Axes
 + Level 2.6 Armour
 + Level 2.5 Dodging


You had one spell level left.
You didn't know any spells.
Your spell library was empty.

Dungeon Overview and Level Annotations

Branches:
Dungeon (1/15)

Altars:


Innate Abilities, Weirdness & Mutations

You have a pair of horns on your head.
You reflexively headbutt those who attack you in melee.


Message History

A ball python is nearby!
You hit the ball python.
You kill the ball python!
Trog accepts your kill.
No target in view!
You see here a ball python corpse.
A bat comes into view.
The bat hits you.
A bat is nearby!
You hit the bat.
You kill the bat!
Trog accepts your kill.
An adder comes into view.
The adder hisses angrily.
You hear an angry hiss.
An adder is nearby!
An adder is nearby!
The adder bites you.
You are poisoned.
The adder poisons you!
An adder comes into view.
There are monsters nearby!
You hit the adder but do no damage. Your headbutt misses the adder.
You feel sick. The adder closely misses you. The adder bites you.
You are more poisoned.
The adder poisons you!
You hit the adder but do no damage.
You feel sick. The adder bites you.
You closely miss the adder. Your headbutt misses the adder.
You closely miss the adder.
You feel sick. The adder bites you. The adder barely misses you.
You are too injured to fight recklessly!
You are too injured to fight recklessly!
You hit the adder.
The adder is lightly wounded.
You hit the adder.
You feel sick. The adder bites you.
* * * LOW HITPOINT WARNING * * *
The adder bites you.
* * * LOW HITPOINT WARNING * * *
The adder closely misses you. The adder barely misses you.
Okay, then.
You die...

#. #. ....# #. #...#
#. #######...# ###.##
#......... #....#
#........ ### #..SS#
#.......# #.. #....#
#.....# #.. #...@#
#.....# #..
#....#####.....# #..
#..............####†.
###+#......†.......##
#.#.†............#
##.#.....###......#
#.........##......#
#.................#
#....##...##......#


You could see 2 adders.

Vanquished Creatures
  A worm (D:2)
  A ball python (D:2)
  3 bats
  A giant cockroach (D:2)
  A goblin (D:1)
  3 hobgoblins
  A quokka (D:2)
  A frilled lizard (D:1)
  2 kobolds (D:1)
  3 rats
17 creatures vanquished.

Notes
Turn   | Place    | Note
-------+----------+-------------------------------------------
     0 | D:1      | Zeld the Minotaur Berserker began the quest for the Orb.
     0 | D:1      | Reached XP level 1. HP: 19/19 MP: 0/0
   377 | D:1      | Reached XP level 2. HP: 27/27 MP: 1/1
   443 | D:1      | You fall into a shaft and drop 1 floor!
   443 | D:2      | Noticed a great orb of eyes
   447 | D:2      | Found a faded altar of an unknown god.
   471 | D:2      | Noticed a floating eye
   471 | D:2      | Noticed a floating eye
   471 | D:2      | Noticed a shining eye
   583 | D:2      | HP: 1/27 [adder (5)]
   584 | D:2      | Succumbed to an adder's poison

Illustrated notes

Levels and vault maps discovered:
D:1:      saegor_arrival_under_anarchy, layout_loops_ring, serial_park_tiny_2,
          minmay_unequal
D:2:      layout_basic, hellmonk_ecumenical_altar_watching_god, feat_on_display

Skill      XL: |  1  2 |
---------------+-------+-----
Fighting       | 4 |  4.1
Axes           | 4 |  4.1
Armour         | |  2.6
Dodging        | |  2.5

Action                   || total
-------------------------++-------
Melee: Hand axe          ||    40
       Headbutt          ||     5
Armor: Animal skin       ||     9
Dodge: Dodged            ||    25
